 Dungeon Crawl Stone Soup version 0.18.1-48-g4cf74bf (webtiles) character file.

5453 Mesmaeker13 the Destroyer (level 10, -3/69 HPs)
             Began as a High Elf Conjurer on Sept 13, 2016.
             Was a Priest of Vehumet.
             Slain by a two-headed ogre
             ... wielding a +0 giant spiked club
              (24 damage)
             ... on level 9 of the Dungeon.
             The game lasted 00:30:12 (11117 turns).

Mesmaeker13 the Destroyer (High Elf Conjurer)      Turns: 11117, Time: 00:30:13

Health: -3/69      AC:  6    Str:  9    XL:     10   Next: 41%
Magic:  12/23      EV: 19    Int: 19    God:    Vehumet [***...]
Gold:   273        SH:  0    Dex: 18    Spells: 6 memorised, 7 levels left

rFire  x . .     SeeInvis .     G - +4 quarterstaff (chaos)
rCold  + . .     Gourm    .     L - +2 robe of Agoraphobia {rElec}
rNeg   . . .     Faith    .     (shield currently unavailable)
rPois  .         Spirit   .     (no helmet)
rElec  +         Dismiss  .     p - +0 cloak
rCorr  .         Reflect  .     i - +0 pair of gloves
SustAt .         Harm     .     (no boots)
MR     +....                    (no amulet)
Stlth  ++........               (no ring)
                                v - ring of ice

@: somewhat resistant to hostile enchantments, unstealthy
A: no striking features
a: Renounce Religion


You were on level 9 of the Dungeon.
You worshipped Vehumet.
Vehumet was most pleased with you.
You were hungry.

You visited 2 branches of the dungeon, and saw 11 of its levels.

You collected 385 gold pieces.
You spent 112 gold pieces at shops.

Inventory:

Hand Weapons
 h - a +2 short sword of venom
 D - a +0 blowgun
 G - a +4 quarterstaff of chaos (weapon)
 J - the +9 longbow "Kicsyul" {velocity, +Blink MR+ Dex-2}
   (You found it on level 9 of the Dungeon)

   Any arrow fired from it inflicts extra damage.
   It affects your dexterity (-2).
   It affects your resistance to hostile enchantments.
   It lets you blink.
Missiles
 f - 20 poisoned needles
Armour
 i - a +0 pair of gloves (worn)
 p - a +0 cloak (worn)
 y - a +2 large shield
 E - a +0 buckler
 L - the +2 robe of Agoraphobia (worn) {rElec}
   (You found it on level 9 of the Dungeon)

   It insulates you from electricity.
Magical Staves
 I - an uncursed staff of death
Jewellery
 v - a ring of ice (left hand)
 K - a cursed ring of loudness {unknown}
Wands
 s - a wand of hasting (5/9)
 M - a wand of disintegration (15/24)
Scrolls
 d - 3 scrolls of teleportation
 e - 4 scrolls of remove curse
 r - a scroll of fog {unknown}
 w - 2 scrolls of amnesia
 x - a scroll of enchant weapon
 O - a scroll of immolation {unknown}
Potions
 j - 5 potions of heal wounds
 k - a potion of curing
 q - a potion of berserk rage
 t - a potion of resistance {unknown}
 u - a potion of agility
 z - 3 potions of lignification
 A - 2 potions of mutation
 B - a potion of ambrosia
 F - a potion of flight {unknown}
 H - 2 potions of brilliance {unknown}
Books
 b - a book of Conjurations

   Spells                             Type                      Level
   a - Magic Dart                     Conjuration                  1
   b - Searing Ray                    Conjuration                  2
   c - Dazzling Spray                 Conjuration/Hexes            3
   d - Fulminant Prism                Conjuration/Hexes            4
   e - Iskenderun's Mystic Blast      Conjuration                  4
   f - Iskenderun's Battlesphere      Conjuration/Charms           5
 n - a book of the Warp

   Spells                             Type                      Level
   a - Recall                         Summoning/Translocation      3
   b - Gell's Gravitas                Hexes/Translocation          3
   c - Force Lance                    Conjuration/Translocation    4
   d - Warp Weapon                    Charms/Translocation         5
   e - Summon Forest                  Summoning/Translocation      5
 C - a book of Geomancy

   Spells                             Type                      Level
   a - Sandblast                      Earth                        1
   b - Passwall                       Transmutation/Earth          2
   c - Stone Arrow                    Conjuration/Earth            3
   d - Petrify                        Transmutation/Earth          4
   e - Lee's Rapid Deconstruction     Earth                        5
Comestibles
 a - a meat ration
 c - 2 bread rations
 g - 11 slices of pizza
 l - 3 beef jerkies
 m - 3 royal jellies
 o - 6 fruits


   Skills:
 + Level 6.7 Fighting
 - Level 0.2 Short Blades
 + Level 8.6 Dodging
 - Level 2.1 Stealth
 - Level 0.1 Unarmed Combat
 + Level 8.6 Spellcasting
 + Level 9.6 Conjurations
 - Level 5.4 Charms


You had 7 spell levels left.
You knew the following spells:

 Your Spells              Type           Power        Failure   Level  Hunger
a - Magic Dart            Conj           ####         1%          1    None
b - Searing Ray           Conj           #####.       1%          2    None
c - Dazzling Spray        Conj/Hex       ####..       1%          3    None
d - Iskenderun's Mystic   Conj           #####...     1%          4    ###....
e - Iskenderun's Battles  Conj/Chrm      #####...     3%          5    #####..
f - Fulminant Prism       Conj/Hex       ####......   4%          4    ###....


Dungeon Overview and Level Annotations

Branches:
Dungeon (10/15)            Temple (1/1) D:5            Lair (0/8) D:9
    Orc: D:9-12

Altars:
Ashenzari
Cheibriados
Dithmenos
Elyvilon
Fedhas
Gozag
Kikubaaqudgha
Makhleb
Nemelex Xobeh
Okawaru
Pakellas
Qazlal
Ru
Sif Muna
Trog
Vehumet
Xom
Yredelemnul
Zin
The Shining One

Shops:
D:6 *   D:7 ?


Message History

The orc hits you.
The two-headed ogre hits you with a giant spiked club!!
The two-headed ogre hits you with a giant club!
* * * LOW HITPOINT WARNING * * *
You climb upwards.
There is a stone staircase leading down here.
The orc barely misses you.
Casting: Magic Dart
Confirm with . or Enter, or press ? or * to list all spells.
Aiming: Dazzling Spray
Press: ? - help, Shift-Dir - straight line, f - two-headed ogre
Aim: a two-headed ogre, wielding a giant spiked club and a giant club (heavily wounded)
The spray of energy hits the two-headed ogre.
The two-headed ogre is heavily wounded.
The two-headed ogre is dazzled.
The two-headed ogre misses you. The two-headed ogre closely misses you.
You sock the two-headed ogre! You burn the two-headed ogre.
The two-headed ogre is almost dead.
The two-headed ogre hits you with a giant spiked club!!
You die...

############ #..........# ##
#..........# #≈ #....≈≈....# ≈##
#..≈≈≈≈≈...# # #≈# ###..≈≈≈≈≈≈..#
# ######≈#########.....≈≈≈≈≈≈.#
####.....≈..##..@Oo.....≈≈≈≈≈≈.##
'..#..(.≈≈..)..####..>...≈≈≈....#
##.#....≈.).#### #.)...........#
##.#...≈≈...# #.............#
##.....≈≈...# #.............#
##...≈.≈≈...# ####.##########
##..≈..≈....# #.# ##..≈..≈...##
####.# ##..≈..≈[≈..# ##....#


You could see a two-headed ogre (blind) and an orc.

Vanquished Creatures
  A hill giant (D:9)
  A gargoyle (D:9)
  Psyche (D:8)
  Prince Ribbit (D:9)
  3 yaks
  A spriggan (D:8)
  A hippogriff (D:9)
  The ghost of kolakolka the Grave Robber, an amateur DsNe (D:3)
  2 orc warriors
  4 ice beasts (D:9)
  A phantom (D:6)
  3 sky beasts
  An ogre (D:4)
  A centaur (D:6)
  A crocodile (D:7)
  2 big kobolds
  3 giant frogs
  A gnoll sergeant (D:6)
  A scorpion (D:4)
  A wyvern skeleton (D:9)
  9 killer bees (D:9)
  2 howler monkeys
  2 electric eels (D:9)
  3 crimson imps
  Crazy Yiuf (D:6)
  A centaur zombie (D:7)
  5 hounds
  A quasit (D:9)
  3 orc priests
  3 giant frog skeletons
  2 jellies
  2 iguanas
  4 orc wizards
  3 worker ants
  2 killer bee zombies (D:9)
  2 hound skeletons
  10 adders
  4 gnolls (D:6)
  A howler monkey skeleton (D:5)
  A shadow imp (D:7)
  A howler monkey simulacrum (D:9)
  An ufetubus (D:9)
  2 oozes
  An adder zombie (D:7)
  4 worms
  A dart slug (D:1)
  6 giant geckos
  18 orcs
  9 giant cockroaches
  8 goblins
  6 hobgoblins
  5 jackals (D:3)
  5 quokkas
  5 bats
  4 giant newts
  A jackal skeleton (D:7)
  14 kobolds
  2 quokka skeletons
  A quokka zombie (D:7)
  10 rats
196 creatures vanquished.

Vanquished Creatures (others)
  A white imp (D:9)
  4 fulminant prisms
5 creatures vanquished.

Grand Total: 201 creatures vanquished

Notes
Turn   | Place    | Note
--------------------------------------------------------------
     0 | D:1      | Mesmaeker13 the High Elf Conjurer began the quest for the Orb.
     0 | D:1      | Reached XP level 1. HP: 11/11 MP: 4/4
   185 | D:1      | Reached XP level 2. HP: 16/18 MP: 0/6
   997 | D:1      | Reached XP level 3. HP: 21/22 MP: 1/8
  1391 | D:2      | Learned a level 2 spell: Searing Ray
  1572 | D:2      | Found a bloodstained altar of Trog.
  1678 | D:3      | Reached skill level 5 in Conjurations
  1855 | D:3      | Found a bloodstained altar of Trog.
  1995 | D:3      | Reached XP level 4. HP: 27/27 MP: 4/9
  2234 | D:3      | Noticed kolakolka's ghost (amateur DsNe)
  2387 | D:3      | Found a radiant altar of Vehumet.
  2519 | D:3      | Found a basalt altar of Yredelemnul.
  2527 | D:3      | Became a worshipper of Vehumet
  2574 | D:3      | Killed kolakolka's ghost
  2574 | D:3      | Reached XP level 5. HP: 24/32 MP: 1/12
  3172 | D:3      | Learned a level 3 spell: Dazzling Spray
  3177 | D:3      | Learned a level 4 spell: Iskenderun's Mystic Blast
  3249 | D:4      | Found a shadowy altar of Dithmenos.
  3525 | D:4      | Noticed an ogre
  3534 | D:4      | Killed an ogre
  3534 | D:4      | Reached skill level 1 in Fighting
  3534 | D:4      | Reached skill level 6 in Conjurations
  3534 | D:4      | Reached XP level 6. HP: 38/38 MP: 6/13
  3606 | D:4      | Found an opulent altar of Gozag.
  4211 | D:5      | Entered Level 5 of the Dungeon
  4480 | D:5      | Reached XP level 7. HP: 42/44 MP: 15/15
  4709 | D:5      | Reached * piety under Vehumet
  4709 | D:5      | Offered knowledge of Freeze by Vehumet.
  4709 | D:5      | Reached skill level 5 in Dodging
  4808 | D:5      | Found a staircase to the Ecumenical Temple.
  4817 | Temple   | Entered the Ecumenical Temple
  5026 | D:6      | Reached skill level 5 in Spellcasting
  5155 | D:6      | Noticed Prince Ribbit
  5402 | D:6      | Found Wather's General Store.
  5530 | D:6      | Reached skill level 7 in Conjurations
  5703 | D:6      | Reached XP level 8. HP: 23/52 MP: 5/17
  6086 | D:6      | Paralysed by an orc priest for 5 turns
  6451 | D:6      | Noticed Crazy Yiuf
  6456 | D:6      | Killed Crazy Yiuf
  6651 | D:6      | Learned a level 5 spell: Iskenderun's Battlesphere
  6660 | D:6      | Reached skill level 1 in Charms
  7459 | D:7      | Found Delyny Ehen's Magic Scroll Boutique.
  7462 | D:7      | Bought a scroll of identify for 28 gold pieces
  7462 | D:7      | Bought a scroll of identify for 28 gold pieces
  7462 | D:7      | Bought a scroll of identify for 28 gold pieces
  7462 | D:7      | Bought a scroll of identify for 28 gold pieces
  7543 | D:7      | Reached ** piety under Vehumet
  7543 | D:7      | Offered knowledge of Sting by Vehumet.
  8038 | D:7      | Reached skill level 8 in Conjurations
  8058 | D:8      | Reached XP level 9. HP: 47/60 MP: 12/20
  8193 | D:8      | Noticed Psyche
  8207 | D:8      | Killed Psyche
  8207 | D:8      | Reached skill level 5 in Fighting
  9232 | D:9      | Got a pitted longbow
  9235 | D:9      | Identified the +9 longbow "Kicsyul" {velocity, +Blink MR+ Dex-2} (You found it on level 9 of the Dungeon)
  9290 | D:9      | Found a staircase to the Lair.
  9316 | D:9      | Offered knowledge of Ignite Poison by Vehumet.
  9322 | D:9      | Learned a level 4 spell: Fulminant Prism
  9439 | D:9      | Got a ripped robe
  9450 | D:9      | Identified the +2 robe of Agoraphobia {rElec} (You found it on level 9 of the Dungeon)
  9542 | D:9      | Reached skill level 5 in Charms
  9594 | D:9      | Found a shattered altar of Ashenzari.
  9649 | D:9      | Reached *** piety under Vehumet
  9720 | D:9      | Found a deep blue altar of Sif Muna.
  9724 | D:9      | Found an iron altar of Okawaru.
 10229 | D:9      | Reached skill level 9 in Conjurations
 10395 | D:9      | Killed Prince Ribbit
 10395 | D:9      | Reached XP level 10. HP: 68/68 MP: 13/23
 10779 | D:9      | Noticed a hill giant
 10816 | D:9      | Killed a hill giant
 11048 | D:10     | Entered Level 10 of the Dungeon
 11050 | D:10     | Noticed a gargoyle
 11051 | D:10     | Noticed a hill giant
 11064 | D:9      | Killed a gargoyle
 11117 | D:9      | Slain by a two-headed ogre

Skill      XL: |  1  2  3  4  5  6  7  8  9 10 |
---------------+-------------------------------+-----
Dodging        | 3 4 5 6 7 8 |  8.6
Spellcasting   | 3 4 5 6 8 |  8.6
Conjurations   | 5 6 7 8 9 |  9.6
Fighting       | 1 3 4 6 |  6.7
Charms         | 3 5 |  5.4
Short Blades   | |  0.2
Stealth        | |  2.1
Unarmed Combat | |  0.1

Action                   |  1- 3 |  4- 6 |  7- 9 | 10-12 || total
-------------------------+-------+-------+-------+-------++-------
Melee: Unarmed           |    13 |       |       |       ||    13
       Dagger            |    40 |     6 |       |       ||    46
       Short sword       |       |    30 |    32 |       ||    62
       Quarterstaff      |       |       |   120 |    30 ||   150
 Fire: Blowgun           |       |       |     2 |       ||     2
 Cast: Magic Dart        |    84 |    48 |    27 |    16 ||   175
       Searing Ray       |     2 |     9 |    39 |     3 ||    53
       Dazzling Spray    |       |     1 |    14 |     4 ||    19
       Iskenderun's Myst |       |       |    11 |     5 ||    16
       Iskenderun's Batt |       |       |     3 |     3 ||     6
       Fulminant Prism   |       |       |     2 |     2 ||     4
  Use: Scroll            |     5 |     1 |     8 |       ||    14
       Potion            |       |       |     1 |     4 ||     5
 Stab: Sleeping          |     4 |     3 |     9 |     1 ||    17
       Distracted        |       |       |     2 |       ||     2
       Invisible         |       |       |     2 |       ||     2
  Eat: Chunk             |     3 |     8 |    10 |     1 ||    22
       Fruit             |       |     1 |       |       ||     1
       Bread ration      |       |       |     3 |       ||     3
Armor: Robe              |    19 |    12 |    39 |    14 ||    84
Dodge: Dodged            |    53 |    34 |   211 |    85 ||   383
